 Dungeon Crawl Stone Soup version 0.25-a0-1073-gf4359a1 (webtiles) character file.

Game seed: 12385828970806310323, levelgen mode: deterministic

57 BlueFish the Grasshopper (level 4, -1/29 HPs)
             Began as an Octopode Warper on May 14, 2020.
             Was an Initiate of Cheibriados.
             Slain by a gnoll
             ... wielding a cursed +0 spear
              (6 damage)
             ... on level 3 of the Dungeon.
             The game lasted 00:05:38 (1259 turns).

BlueFish the Grasshopper (Octopode Warper)          Turns: 1259, Time: 00:05:38

Health: -1/29      AC:  1    Str: 12    XL:     4   Next: 0%
Magic:  5/7        EV: 14    Int: 16    God:    Cheibriados [......]
Gold:   38         SH:  0    Dex: 12    Spells: 2/7 levels left

rFire    . . .     SeeInvis .     - Unarmed
rCold    . . .     Gourm    .   (no shield)
rNeg     . . .     Faith    .   (helmet restricted)
rPois    .         Spirit   .   (no amulet)
rElec    .         Reflect  .   (no ring)
rCorr    .         Harm     .   (no ring)
MR       .....                  (no ring)
Stlth    +++.......             (no ring)
HPRegen  0.09/turn              (no ring)
MPRegen  0.10/turn              (no ring)
                                (no ring)
                                (no ring)

@: very slow
A: almost no armour, stealthy swim, amphibious, 8 rings, constrict 8, camouflage
1, gelatinous body 1
a: Bend Time, Renounce Religion


You were on level 3 of the Dungeon.
You worshipped Cheibriados.
Cheibriados was noncommittal.
You were very hungry.

You visited 1 branch of the dungeon, and saw 4 of its levels.

You collected 38 gold pieces.

Inventory:

Missiles
 c - 5 boomerangs of dispersal (quivered)
 i - 12 poisoned darts
 j - 17 stones
 k - 24 arrows
Jewellery
 e - a +6 ring of intelligence
Scrolls
 b - a scroll of blinking
 g - a scroll of remove curse {unknown}
Potions
 a - a potion of haste
 f - a potion of berserk rage {unknown}
 h - a potion of resistance {unknown}
Comestibles
 d - 2 rations


   Skills:
 * Level 2.3 Fighting
 * Level 1.3 Throwing
 * Level 2.9 Dodging
 * Level 1.3 Stealth
 * Level 2.5 Unarmed Combat
 + Level 2.2 Spellcasting
 * Level 3.2 Translocations
 * Level 0.1 Transmutations
 * Level 0.2 Invocations


You had 2 spell levels left.
You knew the following spells:

 Your Spells              Type           Power        Failure   Level  Hunger
a - Shroud of Golubria    Chrm/Tloc      #.....       16%         2    ###....
b - Blink                 Tloc           N/A          9%          2    ###....
c - Beastly Appendage     Tmut           #.....       21%         1    #......

Your spell library contained the following spells:

 Spells                   Type           Power        Failure   Level  Hunger
 Sticks to Snakes         Tmut           #.......     30%         2    ###....
 Gell's Gravitas          Tloc           ##........   16%         3    ###....
 Lesser Beckoning         Tloc           ##........   16%         3    ###....
 Teleport Other           Tloc           ##......     16%         3    ###....
 Passage of Golubria      Tloc           N/A          47%         4    #####..
 Spider Form              Tmut/Pois      #.........   52%         3    ###....
 Ice Form                 Ice/Tmut       #.......     89%         4    #####..
 Blade Hands              Tmut           #.........   99%         5    ######.


Dungeon Overview and Level Annotations

Branches:
Dungeon (4/15)
 Temple: D:4-7

Altars:
Cheibriados
Elyvilon
Okawaru
Ru


Innate Abilities, Weirdness & Mutations

You cannot wear most types of armour.
You are very stealthy in the water. (Stealth+)
You are amphibious.
You can wear up to eight rings at the same time.
You can use your tentacles to constrict eight enemies at once.
Your skin changes colour to match your surroundings (Stealth+).
Your rubbery body absorbs attacks. (AC +1, EV +1)


Message History

You don't have enough magic to cast that spell.
You release your grip on the gnoll.
The gnoll hits you but does no damage. The gnoll closely misses you.
The gnoll hits you from afar with a cursed +0 spear.
* * * LOW HITPOINT WARNING * * *
The gnoll closely misses you. The gnoll completely misses you.
The gnoll misses you. The gnoll barely misses you.
You are feeling very hungry.
The gnoll barely misses you.
A worm comes into view.
The gnoll hits you from afar with a cursed +0 spear.
* * * LOW HITPOINT WARNING * * *
The gnoll closely misses you.
Your magical contamination has completely faded away.
Found a fizzy golden potion.
There is a stone staircase leading up here.
The gnoll hits you from afar with a cursed +0 spear.
You die...

#.###.####..#
#.# #.# #..#
#g#
#.####..######
#.#
#............w
#.#
######..######
#.# #..# #.#
###gg# #.#
#....#
#.######@##.#
#....†......#
########....#
#..### #..#
#..# #..# ..!#


You could see 2 gnolls.

Vanquished Creatures
  A hound skeleton (D:4)
  A gnoll (D:3)
  A worm (D:3)
  A dart slug (D:3)
  2 leopard geckos
  A giant cockroach (D:4)
  4 goblins
  6 hobgoblins
  2 bats
  2 frilled lizards
  2 kobolds
  4 rats
27 creatures vanquished.

Notes
Turn   | Place    | Note
-------+----------+-------------------------------------------
     0 | D:1      | BlueFish the Octopode Warper began the quest for the Orb.
     0 | D:1      | Reached XP level 1. HP: 14/14 MP: 3/3
   173 | D:1      | Reached XP level 2. HP: 18/19 MP: 5/5
   177 | D:1      | Learned a level 2 spell: Shroud of Golubria
   180 | D:1      | Learned a level 2 spell: Blink
   503 | D:2      | Found a white marble altar of Elyvilon.
   645 | D:2      | Found a snail-covered altar of Cheibriados.
   646 | D:2      | Found an iron altar of Okawaru.
   655 | D:2      | Found a sacrificial altar of Ru.
   664 | D:2      | Became a worshipper of Cheibriados the Contemplative
   800 | D:2      | Reached XP level 3. HP: 24/24 MP: 6/6
   894 | D:2      | You fall into a shaft and drop 2 floors!
   904 | D:4      | Reached skill level 1 in Stealth
   971 | D:4      | Learned a level 1 spell: Beastly Appendage
  1222 | D:3      | Reached XP level 4. HP: 18/29 MP: 4/7
  1259 | D:3      | Slain by a gnoll

Illustrated notes

Levels and vault maps discovered:
D:1:      dpeg_arrival_fog, layout_loops_ring, chequers_serial_rivers_micro_b
D:2:      layout_basic, lemuel_doored_altar, old_standard_altar, minitemple,
          nicolae_ru_great_annihilating_truth, uniq_natasha
D:3:      layout_loops_ring, first_ration, uniq_robin
D:4:      layout_basic, yredelemnul_forgotten_temple_becter,
          gammafunk_temple_overflow_forgotten, kennysheep_mini_moat,
          ebering_ghost_rock_garden

Skill      XL: |  1  2  3 |
---------------+----------+-----
Stealth        | 1 |  1.3
Fighting       | |  2.3
Throwing       | |  1.3
Dodging        | |  2.9
Unarmed Combat | |  2.5
Spellcasting   | |  2.2
Translocations | |  3.2
Transmutations | |  0.1
Invocations    | |  0.2

Action                   |  1- 3 |  4- 6 || total
-------------------------+-------+-------++-------
Melee: Unarmed           |    61 |     3 ||    64
       Constrict         |    23 |     1 ||    24
       Tentacles         |    17 |     1 ||    18
       Punch             |     1 |       ||     1
 Cast: Shroud of Golubri |     9 |     1 ||    10
  Use: Scroll            |     3 |       ||     3
 Stab: Sleeping          |     2 |       ||     2
  Eat: Chunk             |     1 |       ||     1
Armor: Skin              |     4 |     1 ||     5
Dodge: Dodged            |    31 |    11 ||    42

Table legend:
 A = Non-vault XP
 B = Vault XP
 C = Vault XP percentage of total XP
 D = Non-vault monster count
 E = Vault monster count
 F = Vault count percentage of total count
                 A         B        C        D         E       F
            +---------+---------+-------+---------+---------+-------
      Total |      82 |       0 |   0.0 |      27 |       0 |   0.0
            +---------+---------+-------+---------+---------+-------
        D:1 |      20 |       0 |   0.0 |      12 |       0 |   0.0
        D:2 |      17 |       0 |   0.0 |       9 |       0 |   0.0
        D:3 |      25 |       0 |   0.0 |       4 |       0 |   0.0
        D:4 |      20 |       0 |   0.0 |       2 |       0 |   0.0
            +---------+---------+-------+---------+---------+-------
